Map: Яганната РВ

Players

DeeDan

  • Race: Terran Terran
  • League: Grandmaster
  • Spawn Location: 7:00

MindelVK - Winner!

  • Race: Protoss Protoss
  • League: Master
  • Spawn Location: 1:00

VOD

Have the link to the VOD?

Description

Time

  • Played on: May 9, 2021, 4:16 a.m.
  • Length: 13:21
Show
View Real Time Build Order
Export as new Build Order

DeeDan Terran 

Build Orders:  

Get SALT Encoding   

  12  0:00  SCV  
  13  0:12  SCV  
  14  0:17  Supply Depot  
  14  0:24  SCV  
  15  0:39  SCV  
  15  0:40  Barracks  
  16  0:43  Refinery  
  16  0:51  SCV  
  17  1:04  SCV  
  18  1:16  SCV  
  19  1:27  Marine  
  19  1:29  Orbital Command  
  20  1:42  Command Center  
  20  1:46  Barracks Reactor  
  20  1:54  Supply Depot  
  20  1:56  SCV  
  21  2:08  SCV  
  22  2:22  Marine x2  
  22  2:23  SCV  
  22  2:29  Command Center  
  25  2:36  SCV  
  26  2:40  Marine x2  
  28  2:45  Barracks  
  28  2:48  SCV  
  29  2:55  Orbital Command  
  29  2:59  Marine x2  
  29  3:03  SCV  
  32  3:15  SCV  
  32  3:17  Marine x2  
  35  3:20  Engineering Bay  
  35  3:21  SCV  
  36  3:27  SCV  
  36  3:29  Refinery  
  36  3:32  Barracks Tech Lab  
  36  3:33  SCV  
  38  3:37  Marine x2  
  38  3:39  SCV  
  41  3:42  Orbital Command  
  41  3:45  SCV  
  41  3:47  Terran Infantry Weapons Level 1  
  42  3:51  Stimpack, SCV  
  43  3:57  Marine x2, SCV  
  43  4:00  Marauder  
  48  4:03  SCV  
  48  4:06  Supply Depot  
  48  4:09  SCV x2  
  51  4:15  SCV, Marine x2  
  54  4:17  Factory  
  54  4:21  SCV x2  
  56  4:24  Marauder  
  56  4:25  Supply Depot  
  56  4:28  Refinery  
  56  4:29  SCV  
  59  4:33  SCV  
  59  4:34  SCV  
  59  4:35  Missile Turret  
  59  4:37  Marine x2  
  62  4:41  SCV  
  62  4:45  Missile Turret, SCV  
  62  4:48  Missile Turret  
  62  4:51  Marauder  
  65  4:53  SCV  
  65  4:55  Marine x2  
  65  4:56  SCV  
  65  4:58  SCV  
  70  5:01  Starport, Factory Reactor  
  70  5:05  SCV  
  71  5:07  Supply Depot  
  71  5:12  Orbital Command, Supply Depot  
  71  5:14  Marauder  
  73  5:15  Marine x2  
  73  5:19  SCV  
  76  5:23  Barracks  
  76  5:31  Combat Shield  
  76  5:32  Refinery  
  76  5:37  Marine  
  76  5:38  Marine, Marauder  
  78  5:43  SCV  
  77  5:51  SCV  
  77  5:55  Marine x2  
  77  5:56  Barracks  
  78  5:59  Marauder  
  78  6:03  Medivac x2  
  75  6:04  SCV x2  
  75  6:05  SCV  
  78  6:13  Barracks Reactor  
  78  6:14  Barracks, Factory Reactor  
  78  6:15  Terran Infantry Armor Level 1  
  78  6:16  SCV x2  
  78  6:17  SCV  
  81  6:21  Marine x2  
  81  6:23  Marauder  
  85  6:28  Missile Turret, SCV x2  
  85  6:29  SCV  
  88  6:39  Marine x2, Supply Depot x2  
  89  6:40  SCV x2  
  89  6:45  Barracks Tech Lab  
  89  6:46  Medivac x2  
  96  6:47  SCV  
  96  6:52  SCV  
  96  6:53  SCV  
  99  6:56  Marauder, Ghost Academy, Refinery  
  99  7:00  Marine x2  
  103  7:04  Barracks Tech Lab  
  103  7:05  Marine x2, Supply Depot x2  
  105  7:09  Refinery  
  105  7:13  Widow Mine, Marauder  
  105  7:14  Widow Mine, SCV x2  
  113  7:17  Command Center  
  113  7:19  Marine, Marauder  
  113  7:20  Marine  
  117  7:26  Supply Depot x2  
  117  7:27  SCV  
  117  7:28  Armory  
  118  7:32  Engineering Bay  
  118  7:34  Marauder  
  120  7:40  Marine  
  120  7:41  Marine x2, Marauder x2  
  120  7:43  Viking x2  
  131  7:47  SCV x3  
  134  7:53  Enhanced Shockwaves  
  134  7:59  Marine, Supply Depot  
  134  8:00  Supply Depot  
  134  8:02  Missile Turret  
  134  8:04  Marauder x2  
  141  8:12  Marine  
  141  8:13  Marine, Marauder  
  141  8:18  Starport  
  141  8:19  SCV  
  146  8:23  Marine  
  146  8:24  Marine, Supply Depot  
  150  8:32  Marine x2, Terran Infantry Weapons Level 2  
  148  8:38  Marauder  
  150  8:41  Terran Infantry Armor Level 2  
  150  8:42  Marine  
  150  8:44  Marine  
  148  8:51  SCV x3  
  151  8:58  Sensor Tower  
  151  9:00  Marine  
  151  9:02  Ghost  
  154  9:03  Marine x2  
  154  9:08  Barracks  
  154  9:09  SCV, Marauder  
  159  9:10  Barracks  
  159  9:11  Barracks  
  159  9:12  Terran Ship Weapons Level 1  
  159  9:13  Missile Turret  
  159  9:14  Missile Turret  
  159  9:16  SCV  
  160  9:22  Viking x2  
  160  9:23  Marine x2  
  166  9:29  Marine x2  
  168  9:32  Planetary Fortress  
  168  9:36  Marine  
  169  9:57  Marauder x2  
  150  10:00  Viking x3  
  150  10:06  Medivac  
  156  10:07  Marine x2, Barracks Tech Lab x3, Marauder  
  158  10:15  Marine  
  158  10:19  Marauder  
  158  10:20  Command Center x2, Refinery  
  161  10:21  Refinery  
  161  10:22  Marauder  
  163  10:30  Viking  
  165  10:36  SCV x2  
  165  10:39  Marauder  
  165  10:40  Ghost x2, Marine x2  
  165  10:41  Ghost  
  165  10:42  Marine  
  178  10:46  Supply Depot  
  178  10:47  Supply Depot  
  178  10:53  Missile Turret  
  178  10:54  Missile Turret  
  178  10:55  Marine  
  179  11:00  Medivac x2  
  183  11:06  Marauder  
  183  11:07  Ghost, Marine, Concussive Shells  
  168  11:26  Ghost x3  
  168  11:27  Marine x2, Bunker  
  168  11:28  SCV  
  177  11:35  Orbital Command  
  177  11:37  Marine  
  178  11:46  Marine x3  
  170  12:05  Marauder  
  170  12:06  Ghost  
  170  12:07  Ghost, Marine  
  170  12:08  Viking, Marauder  
  144  12:12  Viking x2, Marauder  
  144  12:13  Marine, Marauder  
  140  12:17  Marine  
  140  12:22  Marine  
  137  12:26  Marauder  
  137  12:28  Medivac  
  137  12:29  Marine, Marauder  
  136  12:33  Marauder  
  136  12:35  Marauder  
  136  12:36  Marauder  
  131  12:37  Marine x2, Marauder  
  131  12:41  Planetary Fortress  
  131  12:43  Marine  
  130  12:45  Medivac  
  130  12:47  Marauder  
  130  12:48  Marine  
  130  12:50  Marauder  
  127  12:55  Marine x2, Marauder  
  127  12:56  Marauder  
  127  12:57  Marauder  
  127  12:58  Marine  
  126  13:01  Marine  
Show
View Real Time Build Order
Export as new Build Order

MindelVK Protoss - Winner!

Build Orders: 1 Gate Expand, Phoenix Opening, Colossus Rush 

Get SALT Encoding   

  12  0:00  Probe  
  13  0:12  Probe  
  14  0:17  Pylon  
  14  0:24  Probe (Chrono Boost)  
  15  0:36  Probe (Chrono Boost)  
  15  0:38  Gateway  
  16  0:44  Probe (Chrono Boost)  
  16  0:46  Assimilator  
  17  0:51  Probe  
  18  1:03  Probe  
  19  1:15  Probe  
  20  1:23  Nexus  
  20  1:33  Cybernetics Core  
  20  1:37  Probe  
  21  1:46  Assimilator  
  21  1:49  Probe  
  22  1:55  Pylon  
  22  2:01  Probe (Chrono Boost)  
  23  2:10  Adept (Chrono Boost)  
  23  2:15  Probe (Chrono Boost)  
  26  2:18  Stargate  
  26  2:20  Probe (Chrono Boost)  
  28  2:31  Probe (Chrono Boost), Warp Gate  
  28  2:33  Adept  
  28  2:36  Probe (Chrono Boost)  
  32  2:46  Probe x2 (Chrono Boost)  
  32  2:51  Probe (Chrono Boost)  
  33  2:53  Probe  
  35  3:01  Phoenix (Chrono Boost)  
  35  3:04  Probe  
  38  3:06  Probe  
  39  3:13  Pylon  
  39  3:16  Probe  
  39  3:17  Shield Battery  
  40  3:20  Phoenix (Chrono Boost)  
  40  3:21  Adept  
  40  3:23  Probe  
  45  3:29  Probe  
  46  3:36  Robotics Facility, Probe  
  46  3:37  Assimilator  
  46  3:41  Assimilator, Probe  
  48  3:49  Probe  
  48  3:51  Phoenix (Chrono Boost)  
  48  3:53  Probe  
  52  4:01  Probe  
  52  4:02  Gateway  
  53  4:05  Probe  
  54  4:10  Pylon  
  54  4:21  Nexus  
  54  4:23  Pylon  
  55  4:31  Observer  
  55  4:32  Robotics Bay, Probe  
  55  4:33  Probe  
  57  4:41  Phoenix  
  57  4:44  Probe  
  60  4:46  Twilight Council  
  60  4:50  Pylon  
  60  4:52  Probe  
  61  4:59  Immortal (Chrono Boost)  
  61  5:04  Probe  
  61  5:05  Probe  
  67  5:12  Pylon  
  67  5:13  Pylon  
  67  5:16  Probe  
  67  5:21  Sentry, Zealot  
  72  5:31  Shield Battery  
  72  5:32  Shield Battery  
  72  5:44  Stalker x2  
  72  5:46  Colossus (Chrono Boost)  
  72  5:49  Probe x2  
  74  6:05  Probe (Chrono Boost)  
  74  6:07  Probe (Chrono Boost)  
  74  6:10  Charge, Probe (Chrono Boost)  
  77  6:13  Forge  
  77  6:14  Gateway  
  77  6:16  Probe (Chrono Boost)  
  77  6:17  Gateway, Probe (Chrono Boost)  
  77  6:18  Zealot x2  
  84  6:20  Probe (Chrono Boost)  
  84  6:21  Probe (Chrono Boost)  
  85  6:26  Probe  
  85  6:27  Colossus (Chrono Boost)  
  85  6:29  Probe  
  85  6:31  Probe  
  94  6:38  Probe  
  94  6:39  Extended Thermal Lance  
  95  6:43  Pylon x2  
  94  6:56  Forge  
  94  6:58  Zealot x2  
  94  6:59  Pylon  
  94  7:01  Pylon  
  98  7:04  Protoss Ground Weapons Level 1 (Chrono Boost)  
  98  7:08  Pylon  
  96  7:09  Assimilator  
  96  7:10  Assimilator  
  93  7:17  Observer (Chrono Boost)  
  93  7:18  Robotics Facility  
  93  7:19  Zealot x2  
  93  7:20  Zealot x2  
  101  7:24  Templar Archives  
  101  7:27  Probe x3  
  101  7:29  Observer (Chrono Boost)  
  105  7:36  Protoss Ground Armor Level 1 (Chrono Boost)  
  105  7:38  Pylon  
  105  7:40  Stalker x2  
  105  7:41  Stalker  
  105  7:44  Stalker  
  113  7:50  Blink  
  113  7:53  Colossus  
  113  7:56  Probe x2  
  121  8:04  Stalker x3  
  127  8:17  Stalker  
  128  8:28  Probe x3  
  128  8:30  Observer  
  128  8:33  Stalker x3  
  136  8:36  Disruptor  
  136  8:37  Pylon  
  137  8:44  Nexus  
  137  8:53  Observer, Stalker  
  140  8:58  Protoss Ground Weapons Level 2 (Chrono Boost), Gateway  
  140  8:59  Gateway  
  140  9:02  Gateway  
  140  9:03  Dark Shrine  
  140  9:12  Disruptor (Chrono Boost)  
  146  9:18  Disruptor (Chrono Boost), Probe x3  
  146  9:20  Pylon  
  146  9:23  Assimilator  
  149  9:27  Assimilator  
  149  9:29  Pylon  
  149  9:30  Pylon  
  149  9:31  Pylon  
  149  9:34  Pylon  
  149  9:35  Protoss Ground Armor Level 2 (Chrono Boost), Pylon  
  149  9:39  Shield Battery  
  149  9:40  Shield Battery  
  149  9:42  Disruptor (Chrono Boost)  
  152  9:46  Disruptor (Chrono Boost), Zealot  
  152  9:47  Zealot x2  
  149  10:05  Probe x4  
  149  10:13  Disruptor  
  152  10:15  Stalker x3  
  152  10:16  Stalker x3  
  152  10:17  Probe  
  152  10:19  Probe x3  
  168  10:22  Disruptor  
  168  10:28  Assimilator  
  171  10:36  High Templar  
  171  10:39  High Templar  
  175  10:42  Archon  
  175  10:44  Dark Templar x2  
  179  11:02  Zealot x3  
  179  11:19  Zealot x4  
  179  11:22  Disruptor x2  
  187  11:33  Probe x3  
  187  11:36  Stalker  
  187  11:37  Stalker x2  
  196  11:40  Gateway  
  196  11:41  Gateway, Pylon  
  196  11:43  Gateway  
  196  11:45  Sentry  
  196  11:47  Gateway  
  168  12:11  Zealot x5  
  168  12:12  Zealot x2  
  176  12:16  Colossus x2  
  182  12:36  Zealot x6  
  182  12:37  Zealot  
  188  13:00  Stalker  
  188  13:01  Stalker x5  
Tags
 
Add a new tag
Caveats
  • Supply blocks, unpowered buildings, or Contaminate may cause inaccurate times.
  • Supply counts are checked every 10 seconds.